 Dungeon Crawl Stone Soup version 0.21.0-36-ge3e1d5a (webtiles) character file.

284 Diojeanne the Chopper (level 6, 0/52 HPs)
             Began as a Minotaur Berserker on Jan 30, 2018.
             Was a Believer of Trog.
             Slain by an orc priest
             ... wielding a +0 flail
              (5 damage)
             ... on level 3 of the Dungeon.
             The game lasted 00:10:31 (2170 turns).

Diojeanne the Chopper (Minotaur Berserker)          Turns: 2170, Time: 00:10:32

Health: 0/52       AC:  5    Str: 24    XL:     6   Next: 7%
Magic:  5/5        EV: 15    Int:  4    God:    Trog [**....]
Gold:   200        SH:  0    Dex:  9    Spells: 5/5 levels left

rFire    . . .     SeeInvis .   a - +0 hand axe
rCold    . . .     Gourm    .   (no shield)
rNeg     . . .     Faith    .   h - +0 ring mail {rPois}
rPois    +         Spirit   .   (helmet restricted)
rElec    .         Reflect  .   (no cloak)
rCorr    .         Harm     .   (no gloves)
MR       .....     Rnd*Tele +   (no boots)
Stlth    ..........             (no amulet)
HPRegen  0.17/turn              n - +3 ring of evasion
MPRegen  0.09/turn              v - ring of teleportation (curse)

@: no status effects
A: retaliatory headbutt, horns 2
a: Berserk, Trog's Hand, Burn Spellbooks, Renounce Religion


You were on level 3 of the Dungeon.
You worshipped Trog.
Trog was pleased with you.
You were not hungry.

You visited 1 branch of the dungeon, and saw 3 of its levels.

You collected 200 gold pieces.

Inventory:

Hand Weapons
 a - a +0 hand axe (weapon)
 b - a +0 hunting sling
 k - a +1 dagger of speed
 q - a +1 dagger of draining
Missiles
 g - 53 sling bullets
 i - 38 stones (quivered)
Armour
 h - a +0 ring mail of poison resistance (worn)
 u - a +0 plate armour
Jewellery
 j - an uncursed ring of resist corrosion
 n - a +3 ring of evasion (left hand)
 v - a cursed ring of teleportation (right hand)
Scrolls
 d - a scroll of remove curse {unknown}
 e - 4 scrolls of enchant armour {unknown}
 m - 3 scrolls of identify {unknown}
 p - 3 scrolls of teleportation {unknown}
 s - 2 scrolls of amnesia {unknown}
Potions
 f - a potion of haste {unknown}
 l - a potion of degeneration {unknown}
 o - 2 potions of curing {unknown}
 r - a potion of ambrosia {unknown}
 t - a potion of mutation {unknown}
Comestibles
 c - 8 rations


   Skills:
 - Level 4.0 Fighting
 * Level 5.9 Axes
 * Level 2.6 Slings
 + Level 4.0 Armour
 - Level 3.3 Dodging


You had 5 spell levels left.
You didn't know any spells.

Dungeon Overview and Level Annotations

Branches:
Dungeon (3/15)

Altars:
Elyvilon
Makhleb
Okawaru
Qazlal
Wu Jian


Innate Abilities, Weirdness & Mutations

You reflexively headbutt those who attack you in melee.
You have a pair of horns on your head.


Message History

The orc hits you with a mace!
* * * LOW HITPOINT WARNING * * *
The goblin closely misses you.
A goblin comes into view. It is wielding a club.
You closely miss the orc priest.
The orc priest is lightly wounded.
You barely miss the goblin. You barely miss the orc.
The goblin shouts!
The orc hits you but does no damage. The goblin hits you but does no damage.
You hit the orc priest but do no damage.
You headbutt the orc priest!
The orc priest is heavily wounded.
You hit the goblin.
You kill the goblin!
Trog accepts your kill.
You hit the orc.
You kill the orc!
Trog accepts your kill. The orc priest hits you with a flail.
You die...

#.....#.#......#.....# #.
#.....#.....##.####.######.
#.....###.#.##..........#
........#.##..........#
....##................# .
..####................# #
#.........#.........#
.###########.........###
..g.((o@.#.......#......
.#.(..†o)...............
#......##..............
#......##..............
#......##..............
#......##........[.....
........................
.#......##.............. #
#..............


You could see an orc priest, an orc and a goblin.

Vanquished Creatures
  An orc warrior (D:3)
  An orc priest (D:3)
  A centaur skeleton (D:3)
  2 orc wizards (D:3)
  An adder (D:3)
  A shadow imp (D:3)
  2 oozes
  A dart slug (D:1)
  2 leopard geckos (D:2)
  3 orcs (D:3)
  4 bats
  12 goblins
  5 hobgoblins
  2 quokkas (D:2)
  4 frilled lizards
  4 kobolds
  6 rats
52 creatures vanquished.

Notes
Turn   | Place    | Note
-------+----------+-------------------------------------------
     0 | D:1      | Diojeanne the Minotaur Berserker began the quest for the Orb.
     0 | D:1      | Reached XP level 1. HP: 19/19 MP: 0/0
   252 | D:1      | Reached XP level 2. HP: 27/27 MP: 1/1
   312 | D:1      | Reached skill level 4 in Axes
   756 | D:1      | You fall through a shaft!
   907 | D:2      | Reached XP level 3. HP: 33/33 MP: 2/2
  1037 | D:2      | Found a faded altar of an unknown god.
  1103 | D:2      | Found an ornate altar of the Wu Jian Council.
  1105 | D:2      | Found an iron altar of Okawaru.
  1114 | D:2      | Found a burning altar of Makhleb.
  1114 | D:2      | Found a stormy altar of Qazlal.
  1175 | D:2      | Found a white marble altar of Elyvilon.
  1232 | D:2      | Reached ** piety under Trog
  1768 | D:3      | Noticed an orc warrior
  1787 | D:3      | Reached skill level 1 in Slings
  1787 | D:3      | Reached XP level 4. HP: 37/40 MP: 3/3
  1788 | D:3      | Killed an orc warrior
  1788 | D:3      | Reached skill level 5 in Axes
  1788 | D:3      | Reached XP level 5. HP: 43/46 MP: 4/4
  2163 | D:3      | Reached XP level 6. HP: 34/52 MP: 5/5
  2170 | D:3      | Slain by an orc priest

Skill      XL: |  1  2  3  4  5 |
---------------+----------------+-----
Axes           | 4 5 |  5.9
Fighting       | 4 |  4.0
Armour         | 3 4 |  4.0
Slings         | 1 2 |  2.6
Dodging        | 3 |  3.3

Action                   |  1- 3 |  4- 6 || total
-------------------------+-------+-------++-------
Melee: Hand axe          |    36 |    18 ||    54
       Headbutt          |     3 |     5 ||     8
 Fire: Hunting sling     |    53 |    38 ||    91
Throw: Stone             |    10 |       ||    10
Invok: Berserk           |     2 |       ||     2
  Eat: Chunk             |     2 |     4 ||     6
Armor: Animal skin       |     2 |       ||     2
       Ring mail         |    11 |     9 ||    20
Dodge: Dodged            |    29 |    19 ||    48
